Mecha, lawful female dwarven Valkyrie ---------- |........| ------- |........| |.....| ---------- |.........# |.....| ##+..<...^.| ------ |.>......|# |.....| # |........| |....| -------- |........|# ##-.....|#####......^..| |....| #-......| ----------# # |.....|## -|---|---- |....| #|......| # # -|-----## # # #.....| #|.......# # # #### ### # #|....| #--------# # # # # ### ###.....| ### # # # ### # #######%# ## -|---- # # # # # # # ---.----##### ### # # # # -.-|-# |......|###c###@################### # -----# |...-# |.......### #h# # #-|--- ##....|# |...| |....).| ### # #....| |...|# |...-########-------- ----.----# |...| |...|# ----- ##################|.......|# |...| |....# #|........# ----- ----- #--------- Mecha the Fighter Experience level: 7 Strength: 18/01 Dexterity: 12 Constitution: 18 Intelligence: 10 Wisdom: 5 Charisma: 8 Health: 78(78) Energy: 2(2) Def: 12 Gold: 1625 Moves: 5404 Dungeon seed: wMX28RR0X5e8BQHn Game ID: Mecha_1477932463 Your Inventory: Coins $ - 1625 gold pieces Weapons a - the blessed rustproof +1 Excalibur (weapon in hand) b - a +0 dagger (in quiver) F - a +0 orcish dagger Armor e - an uncursed +3 small shield (being worn) n - a cursed +1 cloak of displacement (being worn) q - an uncursed +0 chain mail (being worn) r - an uncursed +0 orcish helm (being worn) Comestibles i - 2 uncursed cram rations j - 2 uncursed fortune cookies Q - 3 uncursed food rations Scrolls N - 3 uncursed scrolls of identify V - an uncursed scroll of remove curse Rings f - a cursed ring of sustain ability G - a cursed -1 ring of increase accuracy H - an uncursed ring of free action Wands p - a wand of light (0:11) R - a wand of nothing (0:4) S - a wand of speed monster (0:4) Tools k - an uncursed skeleton key m - an uncursed towel v - a cursed magic lamp C - 6 uncursed wax candles (0:400) E - an uncursed tallow candle (0:200) I - a bag of tricks (0:13) Spells and supernatural/magical abilities: Name Level Category Fail Memory W - pray for help -- divine ? -- Your skills at the end: Fighting Skills Weapon Skills dagger [Basic] long sword [Skilled] Spellcasting Skills Final Attributes: You were piously aligned. You were fire resistant. You were cold resistant. You were poison resistant. You were level-drain resistant. You had automatic searching. You had infravision. You were displaced. You were stealthy. You aggravated monsters. You are dead. Vanquished creatures: a giant mimic 2 small mimics an incubus a mumak a yeti a dog a housecat a gnome mummy 5 water moccasins a rock mole a shrieker a violet fungus a gnomish wizard a red naga hatchling a gray ooze 2 elf zombies a straw golem a little dog 2 floating eyes 3 homunculi a kobold lord 4 giant bats a monkey an orc zombie 3 dwarf zombies 2 werejackals 2 iguanas 4 acid blobs a coyote a gas spore 3 manes 3 large kobolds a hobgoblin 6 giant rats 3 cave spiders 2 brown molds 2 yellow molds 11 gnomes 2 gnome zombies 4 geckos 9 jackals a fox 2 kobolds 3 goblins 10 sewer rats 8 grid bugs 4 bats 2 lichens a kobold zombie 10 newts 136 creatures vanquished. Voluntary challenges: You used a wielded weapon 140 times, starting on turn 6. You read items or engraved 5 times, starting on turn 4375. You never genocided any monsters. You never polymorphed an object. You never changed form. You used no wishes. You never split a pudding. You never wrote Elbereth's name. You violated your moral code, losing 12 points of alignment, starting on turn 1165. Dungeon overview: The Dungeons of Doom: levels 1 to 8 Level 1 an altar to Tyr, a fountain a long staircase Level 2 a general store stairs to The Gnomish Mines Level 3 Level 4 a sink Level 5 many fountains Level 6 a scroll shop, a fountain a long staircase Level 7 a fountain, a sink Level 8 <- You were here The Gnomish Mines: levels 3 to 6 Level 3 stairs to The Dungeons of Doom Level 4 Level 5 many shops, a temple to Odin, some fountains, some trees Level 6 History has recorded: On T:1 you entered the Dungeons of Doom to retrieve the Amulet of Yendor! On T:397 you reached level 2 of The Dungeons of Doom. On T:572 you advanced to experience level 2. On T:957 you advanced to experience level 3. On T:1027 you reached level 1 of The Gnomish Mines. On T:1285 you advanced to experience level 4. On T:1401 you reached level 2 of The Gnomish Mines. On T:1856 you reached level 3 of The Gnomish Mines. On T:2136 you advanced to experience level 5. On T:2458 you advanced to experience level 6. On T:2513 you reached level 4 of The Gnomish Mines. On T:3055 you reached level 3 of The Dungeons of Doom. On T:3432 you reached level 4 of The Dungeons of Doom. On T:3882 you reached level 5 of The Dungeons of Doom. On T:4082 you advanced to experience level 7. On T:4278 you reached level 6 of The Dungeons of Doom. On T:4567 you reached level 7 of The Dungeons of Doom. On T:4960 you reached level 8 of The Dungeons of Doom. Score breakdown: Gold: 1625 (10923 points) Experience: 7 levels (13645 points) Exploration: 8 levels ( 16.00%) (11338 points) Discoveries: 11 items ( 4.47%) ( 6343 points) Valuables value: (no points given unless you survive) Artifact value: 4000 (12253 points) Variety of kills: 50 monsters ( 13.12%) (10867 points) Turncount: 5404 turns (-1469 points) Survival: died (score multiplied by 80%) Total score: 51120 Latest messages: W - a gold spellbook. You feel threatened. The spellbook crumbles to dust! (You can name a gold spellbook from the item naming menu.) You hear some noises. You can move again. $ - 19 gold pieces. The door resists! (2x) The door opens. $ - 181 gold pieces. You stop. Your dwarf lord is in the way! You displace your dwarf lord. You hit the chickatrice! The chickatrice misses. The chickatrice touches you! You hear the chickatrice's hissing! You are slowing down. You feel much better. Your limbs are stiffening. This tastes like water. Your limbs have turned to stone. You have turned to stone. You are a statue. Final status: Farvel Mecha the Valkyrie, petrified by a chickatrice, while unable to move due to turning to stone... You turned to stone in The Dungeons of Doom on dungeon level 8 with 51120 points, and 1625 pieces of gold, after 5404 moves. You were level 7 with a maximum of 78 hit points when you turned to stone.